AoeStats
← Blyad _Mann

Arena

508521315Analyzed
4v4 RM · 9d ago on Sep 22, 2026· 50m 12s· 8 players
Game mode
Random Map
Map size
Large (8 player)
Population
200
Speed
Normal
Resources
Standard
Victory
Conquest
Starting age
Dark Age
Ending age
Imperial Age
RankedLock teamsTeams togetherTeam positionsShared explorationLock speedFull tech treeHidden civsTurbo modeCheats
Victory
Defeat
🇮🇹 Random · Italy
1043
+9
🇳🇱 Random · Netherlands
978
+11
🇮🇹 Random · Italy
940
+13
🇺🇸 Britons · United States
862
+16
🇷🇺 Khmer · Russia
900
-13
🇩🇪 Teutons · Germany
887
-13
🇪🇸 Mongols · Spain
875
-12
🇦🇹 Franks · Austria
826
-11
Wst2
10:53 Feudal Age
12:29 Double-Bit Axe
12:27 Horse Collar
15:31 Castle Age
14:46 Loom
16:51 Bow Saw
16:42 Heavy Plow
22:14 Wheelbarrow
27:56 Imperial Age
25:53 Fortified Wall
26:04 Hand Cart
25:36 Town Watch
27:43 Bloodlines
27:35 Husbandry
27:57 Ballistics
28:01 Gold Mining
29:28 Scale Barding Armor
29:33 Forging
30:42 Chain Barding Armor
30:14 Heavy Scorpion
32:44 Chemistry
32:43 Iron Casting
34:06 Plate Barding Armor
34:59 Crop Rotation
34:32 Town Patrol
35:03 Siege Engineers
36:00 Gold Shaft Mining
37:28 Tusk Swords
37:28 Double Crossbow
37:52 Conscription
37:59 Elite Battle Elephant
40:53 Blast Furnace
41:26 Light Cavalry
43:08 Hussar
Mephisst0
3:24 Loom
10:10 Feudal Age
10:47 Double-Bit Axe
16:45 Castle Age
14:47 Horse Collar
16:50 Fletching
17:49 Bow Saw
20:03 Scale Barding Armor
22:09 Gold Mining
23:03 Wheelbarrow
23:25 Padded Archer Armor
23:43 Fervor
25:26 Hand Cart
26:08 Town Watch
26:38 Heavy Plow
27:22 Bodkin Arrow
27:49 Chain Barding Armor
28:06 Husbandry
28:55 Bloodlines
29:21 Leather Archer Armor
29:43 Ballistics
34:27 Imperial Age
32:37 Stone Mining
33:23 Gold Shaft Mining
32:21 Light Cavalry
34:14 Forging
35:35 Conscription
34:43 Hussar
35:54 Parthian Tactics
37:02 Bracer
37:13 Thumb Ring
37:30 Elite Mangudai
41:29 Elite Skirmisher
46:04 Iron Casting
45:11 Heavy Scorpion
kHaNbHaI
10:52 Feudal Age
11:28 Double-Bit Axe
11:27 Horse Collar
18:51 Castle Age
19:04 Gold Mining
19:10 Stone Mining
19:46 Bow Saw
23:17 Stone Shaft Mining
23:41 Squires
23:01 Pikeman
24:42 Wheelbarrow
25:42 Town Watch
26:27 Fletching
26:38 Scale Mail Armor
27:42 Bloodlines
30:00 Heavy Plow
30:52 Scale Barding Armor
35:07 Imperial Age
32:57 Hand Cart
33:13 Town Patrol
33:52 Bodkin Arrow
34:39 Loom
35:09 Forging
35:15 Chain Mail Armor
36:38 Conscription
36:55 Hoardings
36:59 Ballistics
37:40 Chemistry
36:50 Masonry
37:21 Halberdier
37:59 Cavalier
47:14 Paladin
Law
8:03 Loom
11:09 Feudal Age
11:48 Double-Bit Axe
14:08 Gold Mining
15:17 Wheelbarrow
19:28 Castle Age
19:45 Scale Barding Armor
19:40 Scale Mail Armor
20:43 Bow Saw
21:09 Gold Shaft Mining
20:29 Stone Mining
20:47 Pikeman
21:27 Squires
23:20 Husbandry
36:48 Hand Cart
38:01 Caravan
38:35 Coinage
39:48 Town Watch
45:31 Imperial Age
Blyad _Mann
0:26 Loom
11:03 Feudal Age
16:23 Castle Age
15:12 Double-Bit Axe
15:28 Horse Collar
15:47 Gold Mining
17:12 Stone Mining
18:23 Stone Mining
19:49 Horse Collar
21:20 Wheelbarrow
25:07 Crossbowman
26:18 Heavy Plow
26:44 Hand Cart
30:58 Imperial Age
29:44 Gold Shaft Mining
29:19 Fletching
29:29 Padded Archer Armor
30:11 Thumb Ring
30:28 Bodkin Arrow
31:54 Leather Archer Armor
31:39 Bracer
31:06 Arbalester
33:34 Ballistics
34:15 Chemistry
33:00 Treadmill Crane
34:43 Ring Archer Armor
34:23 Forging
34:13 Scale Mail Armor
34:05 Gambesons
33:41 Man-at-Arms
34:23 Squires
36:12 Conscription
36:46 Shield Wall
37:47 Chain Mail Armor
38:07 Iron Casting
37:51 Guilds
37:05 Elite Varangian Guard
40:08 Plate Mail Armor
39:02 Pikeman
40:09 Bow Saw
39:40 Elite Skirmisher
43:42 Hoardings
Il Gonzaga
0:35 Loom
11:54 Feudal Age
12:20 Double-Bit Axe
12:18 Horse Collar
16:53 Gold Mining
20:13 Castle Age
18:13 Stone Mining
18:32 Man-at-Arms
18:58 Arson
20:19 Forging
20:09 Scale Mail Armor
21:13 Heavy Plow
21:35 Bow Saw
21:57 Chain Mail Armor
21:40 Town Watch
24:23 Wheelbarrow
25:39 Hand Cart
27:03 Stone Shaft Mining
27:03 Gold Shaft Mining
27:31 Iron Casting
27:01 Squires
32:36 Imperial Age
31:24 Caravan
31:34 Long Swordsman
32:01 Gambesons
34:33 Plate Mail Armor
34:08 Pikeman
35:37 Conscription
36:45 Blast Furnace
35:56 Halberdier
37:27 Fletching
37:29 Northmen's Fury
38:35 Hamask
42:18 Bloodlines
41:48 Cranequins
45:10 Two-Handed Swordsman
50:08 Ballistics
50:49 Chemistry
Demetrio
10:33 Feudal Age
9:23 Loom
14:40 Castle Age
12:56 Horse Collar
13:03 Double-Bit Axe
13:11 Stone Mining
13:47 Gold Mining
20:30 Fletching
29:56 Heavy Plow
32:23 Wheelbarrow
35:31 Imperial Age
33:23 Bow Saw
33:30 Forging
33:34 Scale Barding Armor
33:40 Arson
33:44 Gambesons
34:06 Squires
36:52 Conscription
37:25 Pikeman
40:09 Crop Rotation
40:42 Two-Man Saw
40:05 Chain Barding Armor
40:20 Iron Casting
39:46 Scale Mail Armor
39:31 Elite Varangian Guard
43:21 Blast Furnace
42:32 Gothikon
44:39 Elite Jarl
46:06 Chain Mail Armor
46:49 Plate Barding Armor
46:46 Ballistics
46:10 Treadmill Crane
xxyvonnederful
11:42 Feudal Age
15:45 Castle Age
14:20 Double-Bit Axe
14:20 Horse Collar
18:51 Wheelbarrow
19:20 Fletching
20:43 Gold Mining
21:55 Bodkin Arrow
26:39 Loom
27:10 Hand Cart
28:18 Padded Archer Armor
28:41 Ballistics
31:47 Imperial Age
31:14 Stone Mining
32:04 Gold Shaft Mining
33:01 Conscription
32:53 Bracer
33:09 Leather Archer Armor
35:54 Chemistry
35:57 Ring Archer Armor
36:01 Yeomen
36:19 Hoardings
36:49 Elite Longbowman
Connection lost

Rejoining the realm…

Still unreachable

The connection could not be restored.

Session expired

The server has moved on; the page needs a fresh start.